 Dungeon Crawl Stone Soup version 0.25-a0-458-g6fc7858b95 (webtiles) character file.

Game seed: 9177329949829167234, levelgen mode: deterministic

655 Glundar the Ruffian (level 7, -5/68 HPs)
             Began as a Troll Monk on Feb 2, 2020.
             Was a Priest of Kikubaaqudgha.
             Slain by Dowan
             ... wielding a +2 dagger of electrocution
              (18 damage)
             ... on level 4 of the Dungeon.
             The game lasted 00:17:45 (3337 turns).

Glundar the Ruffian (Troll Monk)                    Turns: 3337, Time: 00:17:46

Health: -5/68      AC:  6    Str: 22    XL:     7   Next: 29%
Magic:  6/6        EV: 11    Int:  9    God:    Kikubaaqudgha [***...]
Gold:   202        SH:  0    Dex: 12    Spells: 6/6 levels left

rFire    . . .     SeeInvis .     - Unarmed
rCold    . . .     Gourm    +   (no shield)
rNeg     + . .     Faith    .   a - +0 robe
rPois    .         Spirit   .   (helmet restricted)
rElec    .         Reflect  .   (no cloak)
rCorr    .         Harm     .   (gloves unavailable)
MR       .....                  (boots unavailable)
Stlth    ++........             (no amulet)
HPRegen  0.61/turn              d - ring of positive energy
MPRegen  0.10/turn              w - +3 ring of intelligence

@: no status effects
A: large, unfitting armour, claws 3, fast metabolism 3, gourmand, regeneration
1, shaggy fur 1, tough skin 3
a: Receive Corpses, Renounce Religion


You were on level 4 of the Dungeon.
You worshipped Kikubaaqudgha.
Kikubaaqudgha was most pleased with you.
You were very full.

You visited 1 branch of the dungeon, and saw 4 of its levels.

You collected 202 gold pieces.

Inventory:

Missiles
 e - 11 poisoned darts
 i - 99 stones (quivered)
 m - 25 sling bullets
Armour
 a - a +0 robe (worn)
Jewellery
 d - a ring of positive energy (left claw)
 w - a +3 ring of intelligence (right claw)
Wands
 c - a wand of paralysis (4)
Scrolls
 f - 5 scrolls of remove curse
 j - a scroll of fear {unknown}
 k - a scroll of fog {unknown}
 l - 2 scrolls of enchant armour {unknown}
 r - a scroll of random uselessness {unknown}
 s - a scroll of amnesia {unknown}
 v - a scroll of teleportation {unknown}
 x - a scroll of magic mapping {unknown}
Potions
 g - 2 potions of curing
 n - a potion of haste
 o - 2 potions of ambrosia
 p - a potion of magic
 q - a potion of lignification {unknown}
 t - 2 potions of brilliance
 u - a potion of might {unknown}
 z - a potion of degeneration {unknown}
 A - a potion of cancellation {unknown}
Comestibles
 b - 12 rations


   Skills:
 + Level 3.7 Fighting
 + Level 3.8 Dodging
 + Level 2.1 Stealth
 + Level 4.5 Unarmed Combat
 * Level 3.1 Necromancy


You had 6 spell levels left.
You didn't know any spells.
Your spell library contained the following spells:

 Spells                   Type           Power        Failure   Level  Hunger
 Pain                     Necr           #...         11%         1    ##.....
 Sublimation of Blood     Necr           #.........   17%         2    ###....
 Corpse Rot               Necr/Air       N/A          32%         2    ###....
 Vampiric Draining        Necr           #.........   32%         3    ####...
 Animate Dead             Necr           N/A          73%         4    #####..
 Dispel Undead            Necr           #.......     73%         4    #####..
 Agony                    Necr           #.......     97%         5    ######.
 Borgnjor's Vile Clutch   Necr/Erth      #.........   99%         5    ######.
 Excruciating Wounds      Chrm/Necr      #.........   99%         5    ######.


Dungeon Overview and Level Annotations

Branches:
Dungeon (4/15)
 Temple: D:4-7

Altars:
Ashenzari
Kikubaaqudgha
Vehumet

Annotations:
D:4 Dowan


Innate Abilities, Weirdness & Mutations

You are too large for most types of armour.
You have claws for hands.
Your metabolism is lightning-fast.
You like to eat raw meat.
Your natural rate of healing is unusually fast.
You are covered in fur. (AC +1)
You have extremely tough skin. (AC +3)


Message History

You closely miss Dowan. Dowan hits you but does no damage.
You are electrocuted!
You are too injured to fight recklessly!
You are too injured to fight recklessly!
You are too injured to fight recklessly!
You claw Dowan!
Dowan is severely wounded.
Dowan gestures wildly while chanting.
Dowan blinks!
Items here: ! ) [ † a +0 short sword; a +0 leather armour; an inky potion the elf corpse of Duvessa Dowan says, "Magic will overcome all!"
Dowan gestures at you while chanting. The shard of ice hits you!!
* * * LOW HITPOINT WARNING * * *
Dowan closely misses you. Dowan hits you but does no damage.
You are electrocuted!!
You die...
Kikubaaqudgha rasps: "You have failed me!
Welcome... death!"

.# .....e..# .#
........# .#
[...[..e##### .#
............# )#
........###)# .#
.!....... #.# .#
#.#######.#.# .# #
.#e# .# #@# .# #.#
.# #.#
################.#
.................#
##################


You could see Dowan.

Vanquished Creatures
  Grinder (D:4)
  Edmund (D:4)
  Duvessa (D:4)
  A howler monkey (D:4)
  An iguana (D:4)
  A worker ant (D:4)
  4 adders
  2 oozes
  A worm (D:2)
  3 dart slugs
  A leopard gecko (D:3)
  9 orcs
  3 ball pythons
  5 bats
  4 giant cockroaches
  8 goblins
  9 hobgoblins
  4 jackals (D:3)
  4 kobolds
  3 quokkas
  5 frilled lizards
  7 rats
78 creatures vanquished.

Notes
Turn   | Place    | Note
-------+----------+-------------------------------------------
     0 | D:1      | Glundar the Troll Monk began the quest for the Orb.
     0 | D:1      | Reached XP level 1. HP: 22/22 MP: 0/0
    85 | D:1      | Reached XP level 2. HP: 29/29 MP: 1/1
   737 | D:2      | Reached XP level 3. HP: 31/36 MP: 2/2
  1179 | D:2      | Found a shattered altar of Ashenzari.
  1179 | D:2      | Found a radiant altar of Vehumet.
  1389 | D:3      | Found a faded altar of an unknown god.
  1411 | D:3      | Became a worshipper of Kikubaaqudgha
  1411 | D:3      | Reached * piety under Kikubaaqudgha
  1411 | D:3      | Identified Kikubaaqudgha's Guide on Necromancy
                  | (Kikubaaqudgha gifted it to you on level 3 of the Dungeon)
  1411 | D:3      | Received a gift from Kikubaaqudgha
  1411 | D:3      | Reached ** piety under Kikubaaqudgha
  1465 | D:3      | Reached XP level 4. HP: 15/44 MP: 3/3
  1711 | D:3      | Reached *** piety under Kikubaaqudgha
  1711 | D:3      | Identified Kikubaaqudgha's Disquisition on Stolen Souls
                  | (Kikubaaqudgha gifted it to you on level 3 of the Dungeon)
  1711 | D:3      | Received a gift from Kikubaaqudgha
  1916 | D:3      | Reached skill level 1 in Necromancy
  2146 | D:4      | Noticed Edmund
  2152 | D:4      | Killed Edmund
  2152 | D:4      | Reached skill level 4 in Unarmed Combat
  2152 | D:4      | Reached XP level 5. HP: 39/53 MP: 4/4
  2325 | D:4      | Noticed Grinder
  2457 | D:4      | Reached XP level 6. HP: 50/61 MP: 5/5
  2693 | D:4      | Found an ancient bone altar of Kikubaaqudgha.
  3096 | D:4      | Killed Grinder
  3096 | D:4      | Reached XP level 7. HP: 55/67 MP: 6/6
  3309 | D:4      | Noticed Duvessa
  3309 | D:4      | Noticed Dowan
  3327 | D:4      | Killed Duvessa
  3337 | D:4      | Slain by Dowan

Levels and vault maps discovered:
D:1:      matt_arrival_grand_opening, layout_loops_ring, st_stairs_5
D:2:      layout_basic, gammafunk_temple_overflow_wave
D:3:      layout_rooms, chequers_ecumenical_altar_simple, dk_noncrumbling_2
D:4:      layout_basic, kiku_gazebo_pond_becter, first_ration, uniq_duvessa,
          uniq_grinder, uniq_edmund, uniq_pikel

Skill      XL: |  1  2  3  4  5  6  7 |
---------------+----------------------+-----
Dodging        | 3 |  3.8
Fighting       | 3 |  3.7
Necromancy     | 1 2 3 |  3.1
Unarmed Combat | 4 |  4.5
Stealth        | 2 |  2.1

Action                   |  1- 3 |  4- 6 |  7- 9 || total
-------------------------+-------+-------+-------++-------
Melee: Unarmed           |   105 |   116 |    20 ||   241
       Punch             |       |     2 |       ||     2
  Use: Scroll            |       |     7 |       ||     7
 Stab: Sleeping          |     3 |     2 |       ||     5
  Eat: Chunk             |    19 |    15 |       ||    34
Armor: Robe              |    36 |    22 |    10 ||    68
Dodge: Dodged            |    57 |    53 |     7 ||   117

Table legend:
 A = Non-vault XP
 B = Vault XP
 C = Vault XP percentage of total XP
 D = Non-vault monster count
 E = Vault monster count
 F = Vault count percentage of total count
                 A         B        C        D         E       F
            +---------+---------+-------+---------+---------+-------
      Total |     323 |     614 |  65.5 |      72 |       6 |   7.7
            +---------+---------+-------+---------+---------+-------
        D:1 |      26 |       5 |  16.1 |      13 |       3 |  18.8
        D:2 |      62 |       0 |   0.0 |      22 |       0 |   0.0
        D:3 |      70 |       0 |   0.0 |      25 |       0 |   0.0
        D:4 |     165 |     609 |  78.7 |      12 |       3 |  20.0
            +---------+---------+-------+---------+---------+-------
